 Dungeon Crawl Stone Soup version 0.31-a0-977-gc230f8ef24 (webtiles) character file.

Game seed: 8772733082061533490

83 Pinwins the Chopper (level 4, -3/40 HPs)
             Began as a Hill Orc Fighter on Oct 29, 2023.
             Slain by a black bear (11 damage)
             ... on level 4 of the Dungeon.
             The game lasted 00:04:21 (1261 turns).

Pinwins the Chopper (Hill Orc Fighter)              Turns: 1261, Time: 00:04:22

Health: -3/40      AC:  7    Str: 20    XL:     4   Next: 44%
Magic:  4/4        EV:  9    Int:  8    God:
Gold:   83         SH:  4    Dex: 10    Spells: 3/3 levels left

rFire   . . .        a - +0 war axe
rCold   . . .        c - +0 buckler
rNeg    . . .        b - +0 scale mail
rPois   .            (no helmet)
rElec   .            (no cloak)
rCorr   .            (no gloves)
SInv    .            (no boots)
Will    .....        (no amulet) Stlth
                     (no ring)
HPRegen 0.26/turn    (no ring)
MPRegen 0.09/turn

%: no passive effects
@: no status effects
A: no striking features
a: no special abilities


You were on level 4 of the Dungeon.
You visited 1 branch of the dungeon, and saw 3 of its levels.

You collected 83 gold pieces.

Inventory:

Hand Weapons
 a - a +0 war axe (weapon)
 g - a +0 vampiric short sword
Armour
 b - a +0 scale mail (worn)
 c - a +0 buckler (worn)
Jewellery
 m - a ring of magical power
Scrolls
 f - a scroll of brand weapon {unknown}
 h - a scroll of teleportation {unknown}
 i - a scroll of fog {unknown}
 l - a scroll of enchant weapon {unknown}
 n - a scroll of identify {unknown}
Potions
 d - a potion of might
 e - a potion of curing
 j - 2 potions of degeneration {unknown}
 k - a potion of cancellation {unknown}


   Skills:
 + Level 4.0 Fighting
 + Level 4.5 Axes
 + Level 4.0 Armour
 + Level 3.6 Shields


You had 3 spell levels left.
You didn't know any spells.
Your spell library contained the following spells:

 Spells                   Type           Power      Damage    Failure   Level
 Ensorcelled Hibernation  Hex/Ice        0%         N/A       92%         2
 Passwall                 Tmut/Erth      0%         N/A       92%         2
 Ignite Poison            Fire/Tmut/Pois 0%         N/A       99%         3
 Swiftness                Air            0%         N/A       99%         3
 Sticky Flame             Conj/Fire      0%         2d3       100%        4
 Ignition                 Fire           0%         3d3       100%        8


Dungeon Overview and Level Annotations

Branches:
Dungeon (2/15)

Altars:


Message History

The black bear bites you.
The black bear claws you but does no damage.
The black bear barely misses you.
You hit the black bear but do no damage.
The black bear is moderately wounded.
The black bear completely misses you.
The black bear claws you but does no damage.
The black bear claws you.
You hit the black bear.
The black bear is moderately wounded.
You block the black bear's attack. The black bear barely misses you.
The black bear claws you but does no damage.
The black bear bites you but does no damage.
The black bear claws you but does no damage.
The black bear claws you.
You slash the black bear!
The black bear is severely wounded.
The black bear barely misses you. The black bear claws you.
The black bear claws you but does no damage.
You slash the black bear!
The black bear is almost dead.
The black bear bites you. The black bear claws you.
* * * LOW HITPOINT WARNING * * *
The black bear barely misses you.
You barely miss the black bear.
The black bear is almost dead.
The black bear bites you but does no damage.
The black bear claws you but does no damage. x2
The black bear goes berserk!
You hit the black bear.
The black bear is almost dead.
The black bear bites you but does no damage.
The black bear barely misses you. The black bear closely misses you.
The black bear barely misses you. The black bear claws you.
* * * LOW HITPOINT WARNING * * *
The black bear closely misses you.
You closely miss the black bear.
The black bear is almost dead.
The black bear bites you!
You die...

#### ..# #.#
#.######.###
..##.##†.......<..
..[....@#######.##
#.#...#h#
#.......#
###...### #... #).
#.. #.


You could see a black bear (berserk).

Vanquished Creatures
  4 adders
  3 adder skeletons (D:2)
  A dart slug (D:1)
  4 ball pythons
  A bat (D:2)
  A bat zombie (D:2)
  4 endoplasms
  A giant cockroach (D:1)
  4 goblins
  4 hobgoblins
  A quokka (D:2)
  A ball python skeleton (D:2)
  2 ball python zombies (D:2)
  2 frilled lizards (D:1)
  A jackal zombie (D:2)
  A kobold (D:1)
  A quokka zombie (D:2)
  A rat (D:1)
37 creatures vanquished.

Notes
Turn   | Place    | Note
-------+----------+-------------------------------------------
     0 | D:1      | Pinwins the Hill Orc Fighter began the quest for the Orb.
     0 | D:1      | Reached XP level 1. HP: 19/19 MP: 1/1
   129 | D:1      | Reached XP level 2. HP: 26/27 MP: 2/2
   895 | D:2      | Reached XP level 3. HP: 32/33 MP: 3/3
  1116 | D:2      | Reached XP level 4. HP: 40/40 MP: 4/4
  1230 | D:2      | You fall into a shaft and drop 2 floors!
  1239 | D:4      | Noticed a black bear
  1261 | D:4      | Slain by a black bear

Illustrated notes

Levels and vault maps discovered:
D:1:      dpeg_arrival_three_same_balls, layout_loops_ring, serial_bayou,
          serial_bayou_pond_a, serial_bayou_pond_d, serial_bayou_shore_a,
          serial_bayou_lagoon_a
D:2:      layout_basic, serial_undead, serial_undead_a, serial_undead_c,
          serial_undead_e, serial_undead_a, serial_undead_d, serial_undead_a
D:4:      layout_loops_cross, nicolae_dithmenos_through_a_glass_darkly,
          portal_sewer_entry_d, pf_guarded_unrand_meek

Skill      XL: |  1  2  3 |
---------------+----------+-----
Fighting       | 4 |  4.0
Axes           | 3 4 |  4.5
Armour         | 4 |  4.0
Shields        | |  3.6

Action                     |  1- 3 |  4- 6 || total
---------------------------+-------+-------++-------
  Melee: War axe           |    83 |    41 ||   124
    Use: Potion            |       |     1 ||     1
 Armour: Scale mail        |    63 |    50 ||   113
  Dodge: Dodged            |    36 |    28 ||    64
  Block: Buckler           |    17 |    11 ||    28

Table legend: (Time is in decaauts)
 A = Elapsed time spent in this place.
 B = Non-inter-level travel time spent in this place.
 C = Inter-level travel time spent in this place.
 D = Time resting spent in this place.
 E = Time spent auto-exploring this place.
 F = Levels seen in this place.
 G = Mean time per level.
                   A        B        C        D        E       F      G
               +--------+--------+--------+--------+--------+-----+--------+
         Total |   1322 |   1289 |     33 |      0 |    933 |   3 |  440.7 |
       Dungeon |   1322 |   1289 |     33 |      0 |    933 |   3 |  440.7 |
               +--------+--------+--------+--------+--------+-----+--------+

Top non-repeatable levels by time:
     D:1: 900 daAuts
     D:2: 384 daAuts
     D:4: 37 daAuts
